 Dungeon Sprint DCSS version 0.14-a0-3294-g830ee6c (webtiles) character file.

175 BluebellGnoll the Thaumaturge (level 5, -19/28 HPs)
             Began as a Deep Elf Fire Elementalist on Mar 13, 2014.
             Killed from afar by a wizard (47 damage)
             ... with a crystal spear
             ... in the Dungeon (Sprint III: "The Ten Rune Challenge").
             The game lasted 00:03:46 (545 turns).

BluebellGnoll the Thaumaturge (DEFE)                 Turns: 545, Time: 00:03:59

HP -19/28        AC  2     Str  5      XL: 5   Next:  4%
MP  23/25        EV 13     Int 21      God:
Gold 33          SH  0     Dex 15      Spells:  6 memorised,  7 levels left

rFire  . . .     SeeInvis .     (no weapon)
rCold  . . .     Clarity  .     a - +0 robe
rNeg   . . .     Conserve .     (no shield)
rPois  .         rCorr    .     (no helmet)
rElec  .         rRot     .     (no cloak)
SustAb . .       Spirit   .     (no gloves)
rMut   .         Warding  .     (no boots)
Saprov . . .     NoTele   +     (no amulet)
MR     .....                    (no ring)
                                (no ring)

@: not resistant to hostile enchantments, fairly stealthy
A: no striking features
a: no special abilities


You were in the Dungeon.
You were not hungry.

You visited 1 branch You collected 33 gold pieces.

Inventory:

Hand weapons
 j - a +0,+0 club
Armour
 a - a +0 robe (worn)
Magical devices
 l - a wand of digging (13)
Comestibles
 c - 2 bread rations
 q - a choko
Scrolls
 i - a scroll of blinking
 n - a scroll of holy word
 p - 3 scrolls of remove curse
 u - 2 scrolls of identify
Potions
 d - a potion of curing
 e - a potion of heal wounds
 f - a potion of haste
 g - 2 potions of magic
 h - a potion of berserk rage
 m - a potion of mutation {unknown}
 r - a potion of invisibility {unknown}
 s - a potion of flight
 t - a potion of decay {unknown}
Books
 b - a book of Flames

   Spells                             Type                      Level
   *Flame Tongue                      Conjuration/Fire             1
   *Throw Flame                       Conjuration/Fire             2
   *Conjure Flame                     Conjuration/Fire             3
   *Inner Flame                       Hexes/Fire                   3
   *Sticky Flame                      Conjuration/Fire             4
   *Fireball                          Conjuration/Fire             5


   Skills:
 - Level 2.4 Dodging
 - Level 2.4 Stealth
 - Level 10.5 Spellcasting
 + Level 7.0 Conjurations
 - Level 3.2 Fire Magic


You had 7 spell levels left.
You knew the following spells:

 Your Spells              Type           Power        Failure   Level  Hunger
a - Flame Tongue          Conj/Fire      ####.        1%          1    None
b - Throw Flame           Conj/Fire      ####..       1%          2    None
c - Conjure Flame         Conj/Fire      ####....     2%          3    None
d - Inner Flame           Hex/Fire       ###.....     12%         3    None
e - Sticky Flame          Conj/Fire      ####....     10%         4    ##.....
f - Fireball              Conj/Fire      ####......   24%         5    ####...


Dungeon Overview and Level Annotations

Branches:
Dungeon (1/1)

Altars:
Kikubaaqudgha
Sif Muna
Vehumet


Message History

The water elemental is covered in liquid flames!
The water elemental burns!
The water elemental closely misses you.
The water elemental burns!
The water elemental burns!
You destroy the water elemental!
Your Conjurations skill gained 4 levels and is now at level 7!
You have reached level 5!
This spell is quite dangerous to cast!
Memorise Fireball, consuming 5 spell levels and leaving 7?
You start memorising the spell.
You continue memorising.
You continue memorising.
You finish memorising.
There is an open door to the Ecumenical Temple here.
You open the door.
A wizard comes into view. It is wielding a dagger.
The wizard shouts!
The wizard casts a spell at you. The crystal spear hits you!
Ouch! That really hurt!
You die...

#..'...♣.♣♣♣ ♣.#
#.!#....♣.♣♣♣♣.#
####....♣.♣♣♣♣.#
.%.#....≈♣♣♣♣♣.###+#+###+#
.......≈≈♣♣♣.♣.#..........
..(#..≈≈≈≈♣.♣♣.'.⌠........
#.'#..≈≈≈≈≈≈.♣.#...######
...#.≈≈≈≈≈≈....#.⌠.#
...#.≈≈≈≈≈.....#@..#
...#.≈≈≈.......#'###
####...........#.@
...............#___
▓▓▓▓▓▓▓▓▓▓▓▓▓▓▓▓▓▓▓▓


You could see a wizard.

Vanquished Creatures
  A water elemental (D)
  A scorpion (D)
  A human (D)
  Jessica (D)
  2 rats (D)
6 creatures vanquished.

Vanquished Creatures (others)
  2 draconian scorchers (D)
  A yaktaur (D)
3 creatures vanquished.

Grand Total: 9 creatures vanquished

Notes
Turn   | Place    | Note
--------------------------------------------------------------
     0 | D        | BluebellGnoll, the Deep Elf Fire Elementalist, began the quest for the Orb.
     0 | D        | Reached XP level 1. HP: 10/10 MP: 5/5
    29 | D        | Reached skill level 4 in Spellcasting
    70 | D        | Noticed Jessica
    71 | D        | Noticed a scorpion
    74 | D        | Killed Jessica
    74 | D        | Reached skill level 7 in Spellcasting
    74 | D        | Reached XP level 2. HP: 15/15 MP: 2/14
    84 | D        | Learned a level 2 spell: Throw Flame
    87 | D        | Killed a scorpion
    87 | D        | Reached skill level 10 in Spellcasting
    87 | D        | Reached XP level 3. HP: 15/19 MP: 0/20
    87 | D        | Reached XP level 4. HP: 18/24 MP: 0/23
   115 | D        | Killed a yaktaur
   218 | D        | Learned a level 3 spell: Conjure Flame
   222 | D        | Learned a level 3 spell: Inner Flame
   227 | D        | Learned a level 4 spell: Sticky Flame
   325 | D        | Killed a white draconian scorcher
   382 | D        | Killed a white draconian scorcher
   525 | D        | Noticed a water elemental
   529 | D        | Killed a water elemental
   529 | D        | Reached XP level 5. HP: 28/28 MP: 20/25
   536 | D        | Learned a level 5 spell: Fireball
   545 | D        | Found a radiant altar of Vehumet.
   545 | D        | Found a deep blue altar of Sif Muna.
   545 | D        | Found an ancient bone altar of Kikubaaqudgha.
   545 | D        | Noticed a wizard
   545 | D        | Killed from afar by a wizard

Action                   |  1- 3 |  4- 6 || total
-------------------------+-------+-------++-------
 Cast: Flame Tongue      |     9 |     6 ||    15
       Throw Flame       |       |     2 ||     2
       Conjure Flame     |       |     1 ||     1
       Sticky Flame      |       |     1 ||     1
  Use: Scroll            |       |     2 ||     2
